 Dungeon Crawl Stone Soup version 0.26-a0-652-gafc20e3620 (webtiles) character file.

Game seed: 16566912632728607801

348 Gargoyl the Skirmisher (level 6, -7/53 HPs)
             Began as a Gnoll Abyssal Knight on Oct 4, 2020.
             Was a Follower of Lugonu.
             Killed from afar by a raiju (17 damage)
             ... with a living lightning
             ... on level 2 of the Abyss.
             The game lasted 00:00:43 (177 turns).

Gargoyl the Skirmisher (Gnoll Abyssal Knight)        Turns: 177, Time: 00:00:43

Health: -7/53      AC:  3    Str: 16    XL:     6   Next: 60%
Magic:  9/9        EV: 13    Int: 14    God:    Lugonu [*.....]
Gold:   0          SH:  0    Dex: 15    Spells: 9/9 levels left

rFire    . . .     SeeInvis .   a - +1 hand axe
rCold    . . .     Faith    .   (no shield)
rNeg     . . .     Spirit   .   b - +0 leather armour
rPois    .         Reflect  .   (no helmet)
rElec    .         Harm     .   (no cloak)
rCorr    .         Rampage  .   (no gloves)
MR       .....                  (no boots)
Stlth    ++........             (no amulet)
HPRegen  0.17/turn              (no ring)
MPRegen  0.11/turn              (no ring)

@: berserk cooldown, slowed, very slow
A: distributed training, fangs 1, strong nose
a: Depart the Abyss, Renounce Religion


You were on level 2 of the Abyss.
You worshipped Lugonu.
Lugonu was aware of your devotion.
You visited 0 branches of the dungeon, and saw 0 of its levels.
You visited the Abyss 1 time.

Inventory:

Hand Weapons
 a - a +1 hand axe (weapon)
Armour
 b - a +0 leather armour (worn)


   Skills:
 + Level 6.8 Fighting
 + Level 2.0 Short Blades
 + Level 2.0 Long Blades
 + Level 5.0 Axes
 + Level 2.0 Maces & Flails
 + Level 2.0 Polearms
 + Level 2.0 Staves
 + Level 2.0 Slings
 + Level 2.0 Bows
 + Level 2.0 Crossbows
 + Level 2.0 Throwing
 + Level 5.0 Armour
 + Level 3.3 Dodging
 + Level 2.0 Stealth
 + Level 2.0 Shields
 + Level 2.0 Unarmed Combat
 + Level 2.0 Spellcasting
 + Level 1.6 Conjurations
 + Level 1.6 Hexes
 + Level 1.6 Summonings
 + Level 1.6 Necromancy
 + Level 1.6 Translocations
 + Level 1.6 Transmutations
 + Level 1.6 Fire Magic
 + Level 1.6 Ice Magic
 + Level 1.6 Air Magic
 + Level 1.6 Earth Magic
 + Level 1.6 Poison Magic
 + Level 5.1 Invocations
 + Level 2.0 Evocations


You had 9 spell levels left.
You didn't know any spells.
Your spell library was empty.

Dungeon Overview and Level Annotations

Branches:
Dungeon (0/15)

Altars:


Innate Abilities, Weirdness & Mutations

Your experience applies equally to all skills.
You have very sharp teeth.
Your uncanny sense of smell can sniff out nearby items.


Message History

Your Armour skill increases to level 5!
Your Stealth skill increases to level 2!
Your Shields skill increases to level 2!
Your Unarmed Combat skill increases to level 2!
Your Spellcasting skill increases to level 2!
Your Invocations skill increases to level 5!
Your Evocations skill increases to level 2!
You have reached level 6!
Your experience leads to an increase in your attributes!
Increase (S)trength, (I)ntelligence, or (D)exterity?
You feel stronger.
The substance of the Abyss twists violently, and a gateway leading down appears!
You are no longer berserk.
You pass out from exhaustion.
You feel yourself slow down.
A raiju comes into view.
You can move again.
The raiju bursts into living lightning!
The living lightning hits you!
You die...

[ ##. # .. . # .#
... ##. # .##.### #
....##..#.#... ##
....:....#... . ..
(. ....∩#.#.. ....#
......§#>.#....####
.......#.##.. .#
......##.h## .. .
..........@# .. .
....######.# #.##.
.. . .(. . ...
###.. ##. ∆ .# . #


You could see a raiju.

Vanquished Creatures
  2 raiju (Abyss:2)
2 creatures vanquished.

Notes
Turn   | Place    | Note
-------+----------+-------------------------------------------
     0 | Abyss:1  | Gargoyl the Gnoll Abyssal Knight began the quest for the
                  | Orb.
     0 | Abyss:1  | Reached XP level 1. HP: 23/23 MP: 3/3
   155 | Abyss:2  | Noticed a raiju
   158 | Abyss:2  | Noticed a raiju
   163 | Abyss:2  | Killed a raiju
   163 | Abyss:2  | Reached skill level 1 in Short Blades
   163 | Abyss:2  | Reached skill level 1 in Long Blades
   163 | Abyss:2  | Reached skill level 1 in Maces & Flails
   163 | Abyss:2  | Reached skill level 1 in Polearms
   163 | Abyss:2  | Reached skill level 1 in Staves
   163 | Abyss:2  | Reached skill level 1 in Slings
   163 | Abyss:2  | Reached skill level 1 in Bows
   163 | Abyss:2  | Reached skill level 1 in Crossbows
   163 | Abyss:2  | Reached skill level 1 in Throwing
   163 | Abyss:2  | Reached skill level 1 in Stealth
   163 | Abyss:2  | Reached skill level 1 in Shields
   163 | Abyss:2  | Reached skill level 1 in Unarmed Combat
   163 | Abyss:2  | Reached skill level 1 in Spellcasting
   163 | Abyss:2  | Reached skill level 1 in Conjurations
   163 | Abyss:2  | Reached skill level 1 in Hexes
   163 | Abyss:2  | Reached skill level 1 in Summonings
   163 | Abyss:2  | Reached skill level 1 in Necromancy
   163 | Abyss:2  | Reached skill level 1 in Translocations
   163 | Abyss:2  | Reached skill level 1 in Transmutations
   163 | Abyss:2  | Reached skill level 1 in Fire Magic
   163 | Abyss:2  | Reached skill level 1 in Ice Magic
   163 | Abyss:2  | Reached skill level 1 in Air Magic
   163 | Abyss:2  | Reached skill level 1 in Earth Magic
   163 | Abyss:2  | Reached skill level 1 in Poison Magic
   163 | Abyss:2  | Reached skill level 1 in Evocations
   163 | Abyss:2  | Reached XP level 2. HP: 21/29 MP: 5/5
   163 | Abyss:2  | Reached XP level 3. HP: 26/35 MP: 6/6
   163 | Abyss:2  | Reached XP level 4. HP: 31/41 MP: 7/7
   163 | Abyss:2  | Reached XP level 5. HP: 35/47 MP: 8/8
   172 | Abyss:2  | Killed a raiju
   172 | Abyss:2  | Reached skill level 5 in Axes
   172 | Abyss:2  | Reached skill level 5 in Armour
   172 | Abyss:2  | Reached skill level 5 in Invocations
   172 | Abyss:2  | Reached XP level 6. HP: 14/53 MP: 9/9
   173 | Abyss:2  | Noticed a raiju
   177 | Abyss:2  | Killed from afar by a raiju

Illustrated notes

Levels and vault maps discovered:
Abyss:2

Skill      XL: |  1  2  3  4  5 |
---------------+----------------+-----
Short Blades   | 1 2 |  2.0
Long Blades    | 1 2 |  2.0
Maces & Flails | 1 2 |  2.0
Polearms       | 1 2 |  2.0
Staves         | 1 2 |  2.0
Slings         | 1 2 |  2.0
Bows           | 1 2 |  2.0
Crossbows      | 1 2 |  2.0
Throwing       | 1 2 |  2.0
Dodging        | 3 |  3.3
Stealth        | 1 2 |  2.0
Shields        | 1 2 |  2.0
Unarmed Combat | 1 2 |  2.0
Spellcasting   | 1 2 |  2.0
Conjurations   | 1 |  1.6
Hexes          | 1 |  1.6
Summonings     | 1 |  1.6
Necromancy     | 1 |  1.6
Translocations | 1 |  1.6
Transmutations | 1 |  1.6
Fire Magic     | 1 |  1.6
Ice Magic      | 1 |  1.6
Air Magic      | 1 |  1.6
Earth Magic    | 1 |  1.6
Poison Magic   | 1 |  1.6
Evocations     | 1 2 |  2.0
Axes           | 5 |  5.0
Armour         | 5 |  5.0
Invocations    | 5 |  5.1
Fighting       | |  6.8

Action                   |  1- 3 |  4- 6 || total
-------------------------+-------+-------++-------
Melee: Hand axe          |     3 |     7 ||    10
Throw: Dart              |     4 |       ||     4
  Use: Potion            |     3 |       ||     3
Armor: Leather armour    |       |     1 ||     1
Dodge: Dodged            |     1 |     2 ||     3

Table legend: (Time is in decaauts)
 A = Elapsed time spent in this place.
 B = Non-inter-level travel time spent in this place.
 C = Inter-level travel time spent in this place.
 D = Time resting spent in this place.
 E = Time spent auto-exploring this place.
 F = Levels seen in this place.
 G = Mean time per level.
                   A        B        C        D        E       F      G
               +--------+--------+--------+--------+--------+-----+--------+
         Total |    179 |    179 |      0 |     21 |    113 |   2 |   89.5 |
         Abyss |    179 |    179 |      0 |     21 |    113 |   2 |   89.5 |
               +--------+--------+--------+--------+--------+-----+--------+

Top non-repeatable levels by time:
 Abyss:1: 136 daAuts
 Abyss:2: 43 daAuts
